 Dungeon Sprint DCSS version 0.27-a0-1051-g288ea87c7c (webtiles) character file.

Game seed: 2596028063629141334

4803 mhtbhm the Scorcher (level 10, -7/50 HPs)
             Began as a Deep Elf Fire Elementalist on Apr 20, 2021.
             Was the Champion of Vehumet.
             Killed by the air
             ... invoked by a spriggan air mage
              (22 damage)
             ... in the Dungeon (Sprint V: "Ziggurat Sprint").
             The game lasted 00:05:57 (963 turns).

mhtbhm the Scorcher (Deep Elf Fire Elementalist)     Turns: 963, Time: 00:05:58

Health: -7/50      AC: 10    Str:  8    XL:     10   Next: 24%
Magic:  25/30      EV: 17    Int: 36    God:    Vehumet [******]
Gold:   0          SH:  0    Dex: 15    Spells: 21/37 levels left

rFire    + . .     SeeInvis .   C - +8 lance "Wyrmbane" {slay drac, rPois rF+ rC+ AC+3}
rCold    + . .     Faith    .   (no shield)
rNeg     . . .     Spirit   .   a - +0 robe
rPois    +         Reflect  .   (no helmet)
rElec    .         Harm     .   H - +1 cloak
rCorr    .         Rampage  .   t - +2 pair of gloves {Str+3}
Will     +....     NoTele   +   (no boots)
Stlth    +++.......             I - amulet of magic regeneration
HPRegen  0.16/turn              u - +6 ring of intelligence
MPRegen  0.47/turn              v - +6 ring of intelligence

@: studying Maces & Flails
A: no striking features
a: Renounce Religion


You were in the Dungeon.
You worshipped Vehumet.
Vehumet was exalted by your worship.
You visited 1 branch

Inventory:

Hand Weapons
 C - the +8 lance "Wyrmbane" (weapon) {slay drac, rPois rF+ rC+ AC+3}
   (You found it in the Dungeon)

   It affects your AC (+3).
   It protects you from fire.
   It protects you from cold.
   It protects you from poison.
Armour
 a - a +0 robe (worn)
 t - a +2 pair of gloves of strength (worn)
 H - a +1 cloak (worn)
Jewellery
 u - a +6 ring of intelligence (left hand)
 v - a +6 ring of intelligence (right hand)
 I - an amulet of magic regeneration (around neck)
Wands
 y - a wand of mindburst (7)
 z - a wand of iceblast (3)
 A - a wand of acid (7)
 G - a wand of flame (20)
Scrolls
 h - 4 scrolls of blinking
 m - 4 scrolls of amnesia
 n - 7 scrolls of fog
 o - a scroll of holy word
 p - 5 scrolls of identify
 q - 2 scrolls of fear
 D - a scroll of brand weapon
Potions
 b - 2 potions of brilliance
 c - 9 potions of curing
 d - 9 potions of heal wounds
 e - 6 potions of haste
 f - 7 potions of magic
 g - 3 potions of berserk rage
 i - 2 potions of invisibility
 j - 4 potions of resistance
 k - a potion of experience
 l - 5 potions of might
 F - 2 potions of degeneration {unknown}
Miscellaneous
 r - a phantom mirror
 s - a condenser vane (inert)
 w - a phantom mirror
 x - a phantom mirror
 B - a lightning rod (4/4)
 E - a piece from Xom's chessboard (15/15)
 J - a piece from Xom's chessboard (15/15)


   Skills:
 + Level 10.2 Dodging
 - Level 6.7 Stealth
 + Level 14.2 Spellcasting
 + Level 7.1 Conjurations
 + Level 17.3 Fire Magic
 + Level 8.8 Evocations


You had 21 spell levels left.
You knew the following spells:

 Your Spells              Type           Power      Damage    Failure   Level
a - Foxfire               Conj/Fire      100%       2x1d9     0%          1
b - Conjure Flame         Conj/Fire      85%        6-21      1%          3
c - Inner Flame           Hex/Fire       73%        N/A       1%          3
d - Sticky Flame          Conj/Fire      85%        2d10      1%          4
e - Fireball              Conj/Fire      42%        3d17      1%          5

Your spell library contained the following spells:

 Spells                   Type           Power      Damage    Failure   Level
 Olgreb's Toxic Radiance  Pois           25%        N/A       4%          4
 Corona                   Hex            27%        N/A       1%          1
 Magic Dart               Conj           100%       1d8       1%          1
 Shock                    Conj/Air       100%       1d9       1%          1
 Searing Ray              Conj           100%       3d7       1%          2
 Dazzling Flash           Conj/Hex       100%       N/A       1%          3
 Mephitic Cloud           Conj/Pois/Air  42%        N/A       1%          3
 Stone Arrow              Conj/Erth      100%       3d13      1%          3
 Fulminant Prism          Conj/Hex       25%        3d14      1%          4
 Iskenderun's Mystic Bla  Conj/Tloc      51%        2d11      1%          4
 Corpse Rot               Necr/Air       N/A        N/A       2%          2
 Ensorcelled Hibernation  Hex/Ice        50%        N/A       2%          2
 Slow                     Hex            25%        N/A       2%          2
 Confusing Touch          Hex            25%        N/A       4%          3
 Tukima's Dance           Hex            25%        N/A       4%          3
 Hydra Form               Tmut           12%        N/A       38%         5
 Summon Forest            Summ/Tloc      12%        N/A       38%         5
 Eringya's Noxious Bog    Tmut/Pois      12%        N/A       50%         6
 Invisibility             Hex            25%        N/A       93%         6
 Summon Hydra             Summ           12%        N/A       100%        7


Dungeon Overview and Level Annotations

Branches:
Dungeon (1/1)

Altars:
Ashenzari
Cheibriados
Dithmenos
Elyvilon
Fedhas
Gozag
Hepliaklqana
Kikubaaqudgha
Makhleb
Nemelex Xobeh
Okawaru
Qazlal
Ru
Sif Muna
Trog
Uskayaw
Vehumet
Wu Jian
Xom
Yredelemnul
Zin
The Shining One
Beogh
Jiyva
Lugonu


Message History

The fireball engulfs the water moccasin!!!
You kill the water moccasin!
Vehumet accepts your kill.
You feel your power returning.
The fireball engulfs the komodo dragon!
The komodo dragon is moderately wounded.
The wyvern hisses angrily.
You hear an angry hiss.
A basilisk comes into view.
A komodo dragon comes into view.
Your Conjurations skill increases to level 7!
Casting: Fireball (safe; 1% risk of failure)
Confirm with . or Enter, or press ? or * to list all spells.
Aiming: Fireball (safe; 1% risk of failure)
Press: ? - help, Shift-Dir - straight line, f - spriggan druid
Aim: a spriggan druid, wielding a +0 quarterstaff and wearing a +0 robe of fire resistance (heavily wounded)
Okay, then.
Clouds of freezing vapour condense around you!
The condenser dries out!
The wyvern is engulfed in freezing vapours.
The komodo dragon is engulfed in freezing vapours.
The komodo dragon seems to slow down.
The spriggan druid is engulfed in freezing vapours.
The komodo dragon is engulfed in freezing vapours.
You kill the komodo dragon!
Vehumet accepts your kill.
You feel your power returning.
The spriggan air mage is engulfed in freezing vapours.
The yak is engulfed in freezing vapours.
The basilisk is engulfed in freezing vapours.
The basilisk seems to slow down.
The komodo dragon is engulfed in freezing vapours.
The komodo dragon seems to slow down.
The spriggan druid is engulfed in freezing vapours.
The spriggan druid points at you and mumbles some strange words.
The stone arrow hits you!!
Ouch! That really hurt!
* * * LOW HITPOINT WARNING * * *
The wyvern is engulfed in freezing vapours.
The spriggan air mage is engulfed in freezing vapours.
The spriggan air mage waves its arms in wide circles.
The air twists around and strikes you!!
You die...

▓..[=}.)..▓
▓..§§§§§..▓...))})..▓
▓.§lll§§..▓.........▓
▓.§§§§§§..▓.........▓
▓.§§Yil...▓.........▓
▓...§§§...▓.........▓
▓...§i§...▓.▓.....▓.▓
▓.▓.....▓.▓....©....▓
▓....@....▓▓▓▓▓▓▓▓▓▓▓
▓▓▓▓▓▓▓▓▓▓▓


You could see a spriggan air mage (repels missiles), 2 komodo dragons, a
spriggan druid, a yak, a basilisk (slow) and a wyvern.

Vanquished Creatures
  Erica (D)
  A shining eye (D)
  2 cane toads (D)
  A kobold demonologist (D)
  A komodo dragon (D)
  A blink frog (D)
  Sigmund (D)
  A yak (D)
  2 golden eyes (D)
  A basilisk (D)
  A warg (shapeshifter) (D)
  Duvessa (D)
  5 water moccasins (D)
  A swamp drake (shapeshifter) (D)
  A floating eye (D)
  A tengu (shapeshifter) (D)
  2 necrophages (D)
  2 wolves (D)
  A phantom (D)
  A bullfrog (shapeshifter) (D)
  2 bullfrogs (D)
  Blork the orc (D)
  Dowan (D)
  A quasit (D)
  3 jellies (D)
  Crazy Yiuf (D)
  2 orc priests (D)
  2 iron imps (D)
  Jessica (D)
  An orc wizard (D)
  A river rat (D)
  An adder (D)
  A white imp (D)
  An ufetubus (D)
  2 adder skeletons (D)
  An orc (D)
  2 endoplasms (D)
  A jackal (D)
  A ball python skeleton (D)
  A ball python zombie (D)
  A jackal skeleton (D)
  A quokka zombie (D)
57 creatures vanquished.

Notes
Turn   | Place    | Note
-------+----------+-------------------------------------------
     0 | D        | mhtbhm the Deep Elf Fire Elementalist began the quest for
                  | the Orb.
     0 | D        | Reached XP level 1. HP: 10/10 MP: 6/6
     0 | D        | Found a shimmering blue altar of Sif Muna.
     0 | D        | Found a bloodstained altar of Trog.
     0 | D        | Found a sacrificial altar of Ru.
     0 | D        | Found a stormy altar of Qazlal.
     0 | D        | Found an iron altar of Okawaru.
     1 | D        | Found a sparkling altar of Nemelex Xobeh.
     1 | D        | Found a blossoming altar of Fedhas.
     2 | D        | Found the +6 Majin-Bo {vamp, MP+6 Int+6}
     2 | D        | Found the +9 heavy crossbow "Sniper" {vorpal, Acc+∞ SInv}
     2 | D        | Found the +10 dark maul {vorpal}
     2 | D        | Found the +15 Maxwell's patent armour {-Cast -Tele rElec
                  | Will+ rCorr}
     2 | D        | Found the +18 shield of the Gong {rElec rN+ Will+ EV-5}
     2 | D        | Found the +14 obsidian axe {vorpal, Drain Fly SInv}
     2 | D        | Found the +7 great mace "Firestarter" {inner flame, rF++}
     2 | D        | Found the +6 shillelagh "Devastator" {shatter}
     2 | D        | Found the +11 plutonium sword {Contam Stlth-}
     2 | D        | Found the +8 lance "Wyrmbane" {slay drac, rPois rF+ rC+
                  | AC+3}
     2 | D        | Found the +9 sword of Zonguldrok {reap}
     2 | D        | Found the +13 scythe of Curses {drain, Drain}
     2 | D        | Found the +5 sword of Power {vorpal}
     2 | D        | Found the +7 mace of Variability {chain chaos}
     2 | D        | Found the +7 Singing Sword {vorpal, sonic wave}
     2 | D        | Found the +8 storm bow {elec, penet}
     3 | D        | Found a transporter.
     3 | D        | Found an ancient bone altar of Kikubaaqudgha.
     3 | D        | Found a viscous altar of Jiyva.
     3 | D        | Found a corrupted altar of Lugonu.
     3 | D        | Found a hazy altar of Hepliaklqana.
     3 | D        | Found a burning altar of Makhleb.
     3 | D        | Found an opulent altar of Gozag.
    37 | D        | Became a worshipper of Vehumet
    57 | D        | Entered arena 2.
    57 | D        | Found a transporter.
    60 | D        | Reached skill level 4 in Fire Magic
    60 | D        | Reached XP level 2. HP: 15/15 MP: 6/8
    89 | D        | Entered arena 3.
    89 | D        | Noticed a water moccasin
    89 | D        | Noticed a water moccasin
    89 | D        | Found a transporter.
    90 | D        | Reached * piety under Vehumet
    90 | D        | Offered knowledge of Magic Dart by Vehumet.
    91 | D        | Reached skill level 5 in Fire Magic
    91 | D        | Killed a water moccasin
    92 | D        | Reached skill level 8 in Fire Magic
    92 | D        | Reached skill level 1 in Evocations
    92 | D        | Reached XP level 3. HP: 19/19 MP: 9/12
    92 | D        | Reached XP level 4. HP: 24/24 MP: 10/14
    93 | D        | Killed a water moccasin
    94 | D        | Reached skill level 5 in Dodging
    94 | D        | Reached skill level 5 in Stealth
    94 | D        | Reached skill level 10 in Fire Magic
    94 | D        | Reached XP level 5. HP: 24/28 MP: 12/17
   129 | D        | Learned a level 3 spell: Conjure Flame
   133 | D        | Learned a level 3 spell: Inner Flame
   138 | D        | Learned a level 4 spell: Sticky Flame
   144 | D        | Learned a level 5 spell: Fireball
   145 | D        | Entered arena 4.
   145 | D        | Found a transporter.
   146 | D        | Identified the +8 rapier "Omelette" {protect, Str+2 SInv}
   146 | D        | Reached ** piety under Vehumet
   147 | D        | Reached XP level 6. HP: 32/32 MP: 13/19
   258 | D        | Entered arena 5.
   258 | D        | Noticed a warg
   258 | D        | Noticed a swamp drake
   258 | D        | Found a transporter.
   259 | D        | Reached *** piety under Vehumet
   259 | D        | Offered knowledge of Freeze by Vehumet.
   260 | D        | Reached skill level 11 in Fire Magic
   261 | D        | Killed a warg
   262 | D        | Reached skill level 12 in Fire Magic
   262 | D        | Reached XP level 7. HP: 36/36 MP: 11/21
   311 | D        | Entered arena 6.
   311 | D        | Noticed a kobold demonologist
   311 | D        | Found a transporter.
   312 | D        | Reached **** piety under Vehumet
   313 | D        | Killed a kobold demonologist
   314 | D        | Reached skill level 10 in Spellcasting
   314 | D        | Reached skill level 13 in Fire Magic
   318 | D        | Reached XP level 8. HP: 41/41 MP: 18/24
   318 | D        | Reached ***** piety under Vehumet
   453 | D        | Got the Compendium of Curses and Damage Dealing
   480 | D        | Entered arena 7.
   480 | D        | Noticed a blink frog
   480 | D        | Noticed a cane toad
   481 | D        | Offered knowledge of Frozen Ramparts by Vehumet.
   482 | D        | Killed a cane toad
   483 | D        | Reached skill level 14 in Fire Magic
   483 | D        | Reached skill level 5 in Evocations
   484 | D        | Killed a blink frog
   485 | D        | Reached skill level 15 in Fire Magic
   496 | D        | Found a transporter.
   503 | D        | Got the amulet of Laem {Spirit Dex+6}
   521 | D        | Entered arena 8.
   521 | D        | Noticed a cane toad
   523 | D        | Reached ****** piety under Vehumet
   524 | D        | Reached XP level 9. HP: 45/45 MP: 19/27
   524 | D        | Killed a cane toad
   525 | D        | Reached skill level 16 in Fire Magic
   526 | D        | Found a transporter.
   600 | D        | Entered arena 9.
   600 | D        | Noticed Sigmund
   600 | D        | Noticed Jessica
   600 | D        | Noticed Blork the orc
   600 | D        | Noticed Crazy Yiuf
   600 | D        | Noticed Dowan
   600 | D        | Noticed Duvessa
   600 | D        | Noticed Erica
   601 | D        | Identified the +4 hand axe "Fokuih" {flame, rN+ Int+3}
   601 | D        | Identified the +1 scimitar of Gefod {elec, rElec rPois
                  | Dex-5 SInv}
   605 | D        | Killed Jessica
   606 | D        | Killed Duvessa
   607 | D        | Killed Blork the orc
   608 | D        | Killed Crazy Yiuf
   608 | D        | Killed Erica
   609 | D        | Reached skill level 5 in Conjurations
   609 | D        | Killed Dowan
   611 | D        | Killed Sigmund
   793 | D        | Found a transporter.
   847 | D        | Entered arena 10.
   848 | D        | Found the +5 scythe "Finisher" {speed, eviscerate}
   848 | D        | Offered knowledge of Olgreb's Toxic Radiance by Vehumet.
   851 | D        | Found a transporter.
   935 | D        | Entered arena 11.
   935 | D        | Noticed a shining eye
   937 | D        | Reached skill level 10 in Dodging
   937 | D        | Reached XP level 10. HP: 50/50 MP: 25/29
   937 | D        | Killed a shining eye
   938 | D        | Reached skill level 17 in Fire Magic
   939 | D        | Found a transporter.
   947 | D        | Got the ring of Midnight {Drain Fly Str+2 Int+6 SInv}
   960 | D        | Entered arena 12.
   960 | D        | Noticed a spriggan druid
   961 | D        | Noticed a spriggan air mage
   963 | D        | Killed from afar by a spriggan air mage

Illustrated notes

Levels and vault maps discovered:
D:        sprint_v [room_start, room_1, room_2, room_3, room_4, room_5, room_6,
          room_7, room_8, room_9, room_10, room_11, room_12, room_13, room_14,
          room_15, room_16, room_17, room_18, room_19, room_20, room_21,
          room_22, room_23, room_24, room_25, room_26, room_27]

Skill      XL: |  1  2  3  4  5  6  7  8  9 10 |
---------------+-------------------------------+-----
Fire Magic     | 4 8 10 12 13 15 16 17 | 17.3
Dodging        | 4 5 6 7 9 10 | 10.2
Spellcasting   | 6 7 8 9 10 12 13 14 | 14.2
Stealth        | 4 5 6 |  6.7
Evocations     | 1 2 3 4 6 8 |  8.8
Conjurations   | 2 3 4 6 7 |  7.1

Action                   |  1- 3 |  4- 6 |  7- 9 | 10-12 || total
-------------------------+-------+-------+-------+-------++-------
 Cast: Fireball          |       |     4 |    14 |     4 ||    22
       Sticky Flame      |       |       |     2 |       ||     2
Evoke: Wand              |     3 |       |     1 |       ||     4
       Lightning rod     |     1 |     3 |     7 |       ||    11
       Condenser vane    |       |       |     3 |     1 ||     4
  Use: Potion            |       |       |     2 |       ||     2
Armor: Robe              |       |       |     2 |       ||     2
Dodge: Dodged            |       |       |     4 |       ||     4

Table legend: (Time is in decaauts)
 A = Elapsed time spent in this place.
 B = Non-inter-level travel time spent in this place.
 C = Inter-level travel time spent in this place.
 D = Time resting spent in this place.
 E = Time spent auto-exploring this place.
 F = Levels seen in this place.
 G = Mean time per level.
                   A        B        C        D        E       F      G
               +--------+--------+--------+--------+--------+-----+--------+
         Total |    961 |    961 |      0 |    619 |      0 |   1 |  961.0 |
       Dungeon |    961 |    961 |      0 |    619 |      0 |   1 |  961.0 |
               +--------+--------+--------+--------+--------+-----+--------+

Top non-repeatable levels by time:
       D: 961 daAuts
